 Dungeon Crawl Stone Soup version 0.30-a0-568-g124715a40b (webtiles) character file.

Game seed: 3596184045652010390

40668 cforsyth the Spry (level 13, 0/86 HPs)
             Began as a Grey Draconian Conjurer on Dec 29, 2022.
             Was a High Priest of Vehumet.
             Slain by a yak (10 damage)
             ... while paralysed by a hornet
             ... on level 5 of the Lair of Beasts.
             The game lasted 01:12:12 (30216 turns).

cforsyth the Spry (Grey Draconian Conjurer)        Turns: 30216, Time: 01:12:13

Health: 0/86       AC: 18    Str: 11    XL:     13   Next: 75%
Magic:  27/27      EV:  2    Int: 22    God:    Vehumet [*****.]
Gold:   787        SH:  0    Dex: 10    Spells: 14/33 levels left

rFire   + . .      SeeInvis .    q - staff of conjuration
rCold   + + +      Faith    .    (no shield)
rNeg    . . .      Spirit   .    (body armour unavailable)
rPois   .          Reflect  .    (helmet restricted)
rElec   .          Harm     .    J - scarf {rC+ rF+}
rCorr   .          Rampage  .    (no gloves)
Will    +....                    K - +0 pair of boots of Lesser Demons {rC+++}
Stlth   ++                       (no amulet)
HPRegen 0.34/turn                i - ring of willpower
MPRegen 0.20/turn                F - +4 ring of protection

@: paralysed, lethally poisoned (0 -> -14), slowed
A: AC +13, amphibious, unfitting armour, cold-blooded
a: Renounce Religion


You were on level 5 of the Lair of Beasts.
You worshipped Vehumet.
Vehumet was extremely pleased with you.
You visited 3 branches of the dungeon, and saw 17 of its levels.
You also visited: Gauntlet.

You collected 845 gold pieces.
You spent 58 gold pieces at shops.

Inventory:

Missiles
 C - a throwing net
Armour
 z - the +2 pair of boots of Quiet Fog {-Tele rF+ Str+4}
   (You found it in a Gauntlet)

   Str:       It affects your strength (+4).
   rF:        It protects you from fire.
   -Tele:     It prevents most forms of teleportation.
 J - a scarf of resistance (worn)
 K - the +0 pair of boots of Lesser Demons (worn) {rC+++}
   (You found it in a Gauntlet)

   rC:        It renders you almost immune to cold.
Magical Staves
 q - a staff of conjuration (weapon)
Jewellery
 e - an amulet of guardian spirit
 g - a ring of ice
 i - a ring of willpower (left hand)
 v - a +4 ring of protection
 y - a +6 ring of strength
 F - a +4 ring of protection (right hand)
 H - a ring of wizardry
Wands
 r - a wand of mindburst (11)
 A - a wand of digging (2)
 D - a wand of iceblast (3)
 E - a wand of polymorph (8)
Scrolls
 f - 4 scrolls of teleportation
 h - a scroll of fear
 k - 6 scrolls of enchant armour
 n - 2 scrolls of poison
 o - a scroll of brand weapon
 p - a scroll of amnesia
 t - 3 scrolls of fog
 G - a scroll of magic mapping
 I - a scroll of enchant weapon
Potions
 a - 3 potions of magic
 b - 4 potions of mutation
 c - 3 potions of flight {unknown}
 d - 4 potions of invisibility
 j - 4 potions of attraction
 l - 2 potions of berserk rage {unknown}
 m - 5 potions of ambrosia
 s - 2 potions of heal wounds {unknown}
 u - 2 potions of cancellation {unknown}
 w - 5 potions of curing
 x - 3 potions of brilliance
 B - 2 potions of might {unknown}


   Skills:
 + Level 16.0 Dodging
 - Level 1.7 Stealth
 - Level 10.6 Spellcasting
 - Level 12.0 Conjurations
 - Level 5.0 Hexes


You had 14 spell levels left.
You knew the following spells:

 Your Spells              Type           Power      Damage    Failure   Level
a - Magic Dart            Conj           100%       1d8       1%          1
b - Fulminant Prism       Conj/Hex       32%        3d15      1%          4
c - Scorch                Fire           22%        2d6       2%          2
d - Tukima's Dance        Hex            33%        N/A       2%          3
e - Iskenderun's Mystic   Conj/Tloc      54%        2d12      1%          4
f - Fireball              Conj/Fire      27%        3d12      4%          5

Your spell library contained the following spells:

 Spells                   Type           Power      Damage    Failure   Level
 Lightning Bolt           Conj/Air       27%        1d43      4%          5
 Freeze                   Ice            44%        1d6       1%          1
 Slow                     Hex            100%       N/A       1%          1
 Searing Ray              Conj           100%       2d8       1%          2
 Dazzling Flash           Conj/Hex       100%       N/A       1%          3
 Hailstorm                Conj/Ice       54%        3d12      1%          3
 Mephitic Cloud           Conj/Pois/Air  43%        N/A       1%          3
 Poisonous Vapours        Pois/Air       22%        N/A       2%          2
 Confusing Touch          Hex            33%        N/A       2%          3
 Frozen Ramparts          Ice            22%        1d4       4%          3
 Apportation              Tloc           22%        N/A       6%          1
 Cause Fear               Hex            16%        N/A       8%          4
 Cigotuvi's Dreadful Rot  Necr/Pois/Air  22%        N/A       9%          2
 Freezing Cloud           Conj/Ice/Air   21%        6-21      9%          5
 Yara's Violent Unravell  Hex/Tmut       11%        3d6       16%         5
 Vampiric Draining        Necr           11%        2d6       17%         3
 Anguish                  Hex/Necr       11%        N/A       21%         4
 Passage of Golubria      Tloc           11%        N/A       50%         4
 Alistair's Intoxication  Tmut/Pois      7%         N/A       85%         5
 Enfeeble                 Hex            16%        N/A       99%         7


Dungeon Overview and Level Annotations

Branches:
Dungeon (11/15)            Temple (1/1) D:5            Lair (5/5) D:9
  Swamp (0/4) Lair:2        Snake (0/4) Lair:2        Slime (0/5) Lair:4
    Orc (0/2) D:11        Gauntlet (visited)

Altars:
Ashenzari
Cheibriados
Dithmenos
Elyvilon
Fedhas
Gozag
Hepliaklqana
Kikubaaqudgha
Makhleb
Nemelex Xobeh
Okawaru
Qazlal
Ru
Sif Muna
Trog
Uskayaw
Vehumet
Wu Jian
Xom
Yredelemnul
Zin
The Shining One
Jiyva

Shops:
D:1 *   D:5 (

Annotations:
D:3 Terence
Lair:4 1 runed translucent door


Innate Abilities, Weirdness & Mutations

Your dull iron-grey scales are very hard. (AC +13)
You are amphibious.
You cannot fit into any form of body armour.
You are cold-blooded and may be slowed by cold attacks.


Message History

Vehumet accepts your kill.
You feel your power returning.
Your Dodging skill increases to level 16!
Unknown command.
You start resting.
Your magical contamination has completely faded away.
You start resting.
HP restored.
You start resting.
Magic restored.
You see here an elephant corpse.
There is a stone staircase leading down here.
You climb downwards.
The blink frog completely misses you. The hornet stings you.
You feel yourself slow down.
The blink frog blinks!
The cane toad stings you. The blink frog hits you!
The blink frog blinks!
The blink frog hits you but does no damage.
The hornet stings you.
You suddenly lose the ability to move!
The yak gores you! The cane toad stings you.
You are poisoned.
The cane toad poisons you!
You feel yourself speed up.
You feel very sick. The blink frog hits you. The hornet stings you.
You feel yourself slow down. The blink frog hits you.
The blink frog blinks! x2; The yak gores you.
The cane toad stings you.
* * * LOW HITPOINT WARNING * * *
The blink frog hits you!
* * * LOW HITPOINT WARNING * * *
The hornet stings you but does no damage.
* * * LOW HITPOINT WARNING * * *
You feel very sick. The blink frog hits you.
* * * LOW HITPOINT WARNING * * *
The blink frog blinks! x3
The hornet stings you but does no damage.
The cane toad stings you but does no damage.
The blink frog hits you.
* * * LOW HITPOINT WARNING * * *
The yak gores you!
You die...

....#.......
##...~#§~~..
#....~.~~~.##
#..~~~≈≈~~.~##.
~~.~~≈≈≈≈~~......#
##~~≈≈≈F≈Y≈~~#...#
#~~≈≈~l§Y≈~~~#...###
#~~≈≈~F@~≈~~~~...#.#
.F~~≈~Fy§≈≈~~..l...#
#..~~Y~~≈≈≈~......#
....~~YY≈F~~...y.#
....~~Y~~~~....<.##
.....~.~F..#......#
##...~~##.###.....#
#....l ## #......#
#.#.$...#


You could see 4 elephants, 2 yaks, a cane toad, 5 blink frogs, a hornet and 2
wyverns.

Vanquished Creatures
  A minotaur (Gauntlet)
  An entropy weaver (Gauntlet)
  4 hydras
  2 two-headed ogres (D:11)
  Sonja (D:11)
  Urug (D:11)
  A sixfirhy (Gauntlet)
  Pikel (D:6)
  A wolf spider (Gauntlet)
  A deep elf pyromancer (D:9)
  An oklob plant (Lair:2)
  A manticore (D:9)
  10 black mambas
  Joseph (D:7)
  A torpor snail (Lair:4)
  7 elephants
  12 cane toads
  Psyche (D:8)
  2 rime drakes
  4 komodo dragons
  A kobold demonologist (D:11)
  A polar bear (Lair:2)
  A tyrant leech (Lair:2)
  A slime creature (D:9)
  2 hornets
  12 blink frogs
  6 flying skulls (Gauntlet)
  Sigmund (D:5)
  2 shadows (D:9)
  A jumping spider (Gauntlet)
  2 wraiths (D:11)
  25 yaks
  Eustachio (D:6)
  8 wyverns
  3 basilisks
  Grum (D:8)
  3 steam dragons
  2 vampire mosquitoes (D:11)
  A redback (Gauntlet)
  Menkaure (D:5)
  A swamp worm (Lair:2)
  3 nagas (Lair:2)
  An acid dragon (D:10)
  20 water moccasins
  Duvessa (D:5)
  2 orc warriors
  2 sky beasts
  7 ice beasts
  5 black bears
  10 wolves
  2 ogres
  4 centaurs
  A phantom (D:4)
  4 lemures
  A kobold brigand (D:10)
  3 scorpions
  16 bullfrogs
  6 necrophages
  9 wights (D:7)
  Dowan (D:5)
  15 killer bees
  A howler monkey (D:8)
  2 electric eels
  3 hounds
  5 orc priests
  4 jellies
  2 gnoll boudas
  An iguana (D:4)
  6 orc wizards
  Robin (D:2)
  8 adders
  9 gnolls
  A shadow imp (D:7)
  A white imp (D:6)
  5 ufetubi
  2 dart slugs
  29 orcs
  9 ball pythons
  5 bats
  4 endoplasms
  2 giant cockroaches
  18 goblins
  14 hobgoblins
  2 jackals (D:4)
  5 quokkas
  3 frilled lizards (D:1)
  11 kobolds
  4 rats
400 creatures vanquished.

Vanquished Creatures (others)
  359 fulminant prisms
  50 fungi
  90 plants
499 creatures vanquished.

Grand Total: 899 creatures vanquished

Notes
Turn   | Place    | Note
-------+----------+-------------------------------------------
     0 | D:1      | cforsyth the Draconian Conjurer began the quest for the
                  | Orb.
     0 | D:1      | Reached XP level 1. HP: 14/14 MP: 3/3
   449 | D:1      | Found Sodut's Assorted Antiques.
   451 | D:1      | Reached XP level 2. HP: 20/20 MP: 3/5
  1208 | D:1      | Reached XP level 3. HP: 15/26 MP: 1/7
  1580 | D:2      | Noticed Robin
  1627 | D:2      | Killed Robin
  1839 | D:2      | Reached XP level 4. HP: 33/33 MP: 3/8
  2539 | D:2      | Reached skill level 5 in Conjurations
  3065 | D:3      | Reached XP level 5. HP: 38/38 MP: 0/10
  3525 | D:3      | Noticed Terence
  4080 | D:4      | Learned a level 4 spell: Fulminant Prism
  4345 | D:4      | Found a sacrificial altar of Ru.
  4515 | D:1      | Bought a scroll labelled XICVEX OSUI for 20 gold pieces
  4515 | D:1      | Bought a scroll labelled VEOGHERIPA for 20 gold pieces
  4515 | D:1      | Bought a fuming yellow potion for 18 gold pieces
  4634 | D:3      | Found a glowing silver altar of Zin.
  4758 | D:4      | Found a stormy altar of Qazlal.
  5242 | D:4      | Reached XP level 6. HP: 45/45 MP: 7/12
  5285 | D:4      | Reached skill level 1 in Hexes
  5715 | D:5      | Entered Level 5 of the Dungeon
  5715 | D:5      | Found a staircase to the Ecumenical Temple.
  5820 | Temple   | Entered the Ecumenical Temple
  5857 | Temple   | Became a worshipper of Vehumet
  5952 | D:5      | Found a white marble altar of Elyvilon.
  6029 | D:5      | Your scales start taking on a dull iron-grey colour.
  6029 | D:5      | Reached XP level 7. HP: 35/50 MP: 3/14
  6422 | D:5      | Found Egumot Udakh's Weapon Shop.
  7110 | D:5      | Reached skill level 5 in Spellcasting
  8344 | D:5      | Noticed Dowan
  8348 | D:5      | Noticed Duvessa
  8552 | D:5      | Noticed Menkaure
  8558 | D:5      | Killed Menkaure
  8559 | D:5      | Reached XP level 8. HP: 57/57 MP: 2/16
  8842 | D:5      | Noticed Sigmund
  8968 | D:5      | Killed Dowan
  8968 | D:5      | Killed Duvessa
  9656 | D:5      | Killed Sigmund
 10364 | D:6      | Noticed Eustachio
 10368 | D:6      | Noticed Pikel
 10869 | D:6      | Reached skill level 5 in Hexes
 10875 | D:6      | Noticed a hornet
 11073 | D:6      | Killed Eustachio
 11079 | D:6      | Killed a hornet
 11080 | D:6      | Reached XP level 9. HP: 48/62 MP: 2/19
 11654 | D:6      | Found a basalt altar of Yredelemnul.
 11670 | D:6      | Killed Pikel
 11688 | D:6      | Reached * piety under Vehumet
 11688 | D:6      | Offered knowledge of Kiss of Death by Vehumet.
 12347 | D:7      | Found a shimmering blue altar of Sif Muna.
 13042 | D:7      | Reached skill level 10 in Conjurations
 13194 | D:7      | Reached XP level 10. HP: 69/69 MP: 14/22
 13411 | D:7      | Noticed Joseph
 13752 | D:7      | Killed Joseph
 14979 | D:8      | Noticed Psyche
 14985 | D:8      | Killed Psyche
 15022 | D:8      | Noticed Grum
 15029 | D:8      | Killed Grum
 15167 | D:8      | Identified the +3 dagger "Fuigop" {heavy, *Noise rCorr
                  | Dex+4}
 15256 | D:8      | Found a bloodstained altar of Trog.
 15420 | D:8      | Reached ** piety under Vehumet
 15420 | D:8      | Offered knowledge of Scorch by Vehumet.
 15503 | D:8      | Learned a level 2 spell: Scorch
 15565 | D:9      | Reached skill level 10 in Spellcasting
 16606 | D:9      | Found a hide-covered altar of Uskayaw.
 16968 | D:9      | Found a staircase to the Lair.
 17107 | D:9      | Reached skill level 2 in Dodging
 17128 | D:9      | Reached XP level 11. HP: 74/74 MP: 19/25
 17215 | D:9      | Reached skill level 3 in Dodging
 17248 | D:9      | Noticed a deep elf pyromancer
 17266 | D:9      | Killed a deep elf pyromancer
 17287 | D:9      | Reached skill level 4 in Dodging
 17665 | D:10     | Entered Level 10 of the Dungeon
 17873 | D:10     | Offered knowledge of Momentum Strike by Vehumet.
 17874 | D:10     | Reached skill level 5 in Dodging
 18159 | D:10     | Reached skill level 6 in Dodging
 18604 | D:10     | Found a blossoming altar of Fedhas.
 18651 | D:10     | Reached *** piety under Vehumet
 18914 | D:11     | Noticed a two-headed ogre
 18922 | D:11     | Killed a two-headed ogre
 18923 | D:11     | Reached skill level 7 in Dodging
 18927 | D:11     | Noticed Urug
 19005 | D:11     | Noticed a sun demon
 19068 | D:11     | Noticed a two-headed ogre
 19076 | D:11     | Killed a two-headed ogre
 19259 | D:11     | Killed Urug
 19260 | D:11     | Reached skill level 8 in Dodging
 19566 | D:11     | Offered knowledge of Sticky Flame by Vehumet.
 19567 | D:11     | Noticed Sonja
 19576 | D:11     | Killed Sonja
 19649 | D:11     | Reached skill level 9 in Dodging
 20130 | D:11     | Found a staircase to the Orcish Mines.
 20202 | Lair:1   | Entered Level 1 of the Lair of Beasts
 20208 | Lair:1   | Learned a level 4 spell: Iskenderun's Mystic Blast
 20241 | Lair:1   | Reached XP level 12. HP: 81/81 MP: 19/26
 20348 | Lair:1   | Reached skill level 10 in Dodging
 20548 | Lair:1   | Learned a level 3 spell: Tukima's Dance
 20719 | Lair:1   | Reached **** piety under Vehumet
 21072 | Lair:2   | Noticed a five-headed hydra
 21092 | Lair:2   | Killed a five-headed hydra
 21092 | Lair:2   | Offered knowledge of Fireball by Vehumet.
 21390 | Lair:2   | Reached skill level 11 in Dodging
 22556 | Lair:2   | Reached skill level 12 in Dodging
 22929 | Lair:2   | Found a staircase to the Snake Pit.
 23318 | Lair:2   | Found a staircase to the Swamp.
 23788 | Lair:3   | Found a gate leading to a gauntlet.
 23797 | Gauntlet | Entered a Gauntlet
 23797 | Gauntlet | Noticed a tengu warrior
 23797 | Gauntlet | Found a transporter.
 23797 | Gauntlet | Found a transporter.
 23926 | Gauntlet | Found a transporter.
 23944 | Gauntlet | Found a transporter.
 23944 | Gauntlet | Found a transporter.
 23944 | Gauntlet | Found a transporter.
 23946 | Gauntlet | Found a transporter.
 23946 | Gauntlet | Found a transporter.
 23956 | Gauntlet | Noticed a ghost crab
 23959 | Gauntlet | Found a transporter.
 23975 | Gauntlet | Found a transporter.
 23985 | Gauntlet | Found a transporter.
 23991 | Gauntlet | Noticed an entropy weaver
 23999 | Gauntlet | Found a transporter.
 24020 | Gauntlet | Found a transporter.
 24037 | Gauntlet | Found a transporter.
 24386 | Gauntlet | Reached skill level 13 in Dodging
 24564 | Gauntlet | Learned a level 5 spell: Fireball
 24572 | Gauntlet | Identified the +2 pair of boots of Quiet Fog {-Tele rF+
                  | Str+4}
 24585 | Gauntlet | Killed an entropy weaver
 24866 | Gauntlet | Identified the +8 flail "Xurif" {venom, Dex+3}
 24866 | Gauntlet | Noticed a minotaur
 24878 | Gauntlet | Killed a minotaur
 24879 | Gauntlet | Reached XP level 13. HP: 58/86 MP: 16/27
 25084 | Gauntlet | Identified the +0 pair of boots of Lesser Demons {rC+++}
 25085 | Gauntlet | Got the Treatise on the Cursed Winter
 26072 | Lair:3   | Reached skill level 14 in Dodging
 27132 | Lair:4   | Found a runed translucent door.
 27132 | Lair:4   | Found a viscous altar of Jiyva.
 27731 | Lair:4   | Found a staircase to the Slime Pits.
 28048 | Lair:5   | Entered Level 5 of the Lair of Beasts
 28068 | Lair:5   | Reached skill level 15 in Dodging
 29369 | Lair:5   | Reached ***** piety under Vehumet
 29427 | Lair:5   | Offered knowledge of Lightning Bolt by Vehumet.
 30104 | Lair:4   | Reached skill level 16 in Dodging
 30214 | Lair:5   | Paralysed by a hornet for 3 turns
 30216 | Lair:5   | Slain by a yak

Illustrated notes

Levels and vault maps discovered:
D:1:      tarquinn_simple_flora_water_d, layout_loops_ring, serial_shops,
          shop_statue
D:2:      layout_loops_ring, uniq_robin
D:3:      layout_loops_ring, mainiacjoe_overflow_alcove_1,
          minmay_shallow_snake_nest, uniq_terence
D:4:      layout_loops_ring, grunt_qazlal_clouds,
          nicolae_ru_sacrificial_ziggurat
D:5:      nicolae_cairo_tiling_large_dashed, layout_layer_cave,
          elyvilon_altar_3, serial_shops, shop, uniq_duvessa, uniq_menkaure,
          uniq_sigmund
D:6:      layout_loops_cross, lemuel_crystal_altar, uniq_pikel, uniq_eustachio
D:7:      layout_gridville, mainiacjoe_overflow_cross_hatched, uniq_joseph
D:8:      layout_basic, trog_hazing_becter, uniq_psyche, uniq_grum
D:9:      layout_stronghold, old_standard_altar, hellmonk_lair_entry_icy,
          minmay_diamond_spiral
D:10:     layout_loops_ring, mainiacjoe_overflow_alcove_2
D:11:     layout_long_grid, orc_0_dummy, lightli_orcish_oven, uniq_sonja,
          uniq_urug
Temple:   cyrus_circular_temple
Lair:1:   layout_big_grid
Lair:2:   layout_cave_pods, minmay_swamp_entry_worms,
          guppyfry_snake_entry_island, serial_bayou_shore_a
Lair:3:   layout_long_grid, gauntlet_entry_generic
Lair:4:   layout_gridlike, slime_entry_2, grunt_megastairs_5
Lair:5:   hangedman_lair_tendril_chambers, layout_long_grid,
          hangedman_lair_caniforms_friends, minivault_19,
          minmay_lair_oklob_bushes, infiniplex_staircase_pool_2

Skill      XL: |  1  2  3  4  5  6  7  8  9 10 11 12 13 |
---------------+----------------------------------------+-----
Spellcasting   | 3 4 5 7 8 10 | 10.6
Conjurations   | 5 6 7 8 10 12 | 12.0
Hexes          | 2 3 5 |  5.0
Dodging        | 2 9 13 16 | 16.0
Stealth        | |  1.7

Action                   |  1- 3 |  4- 6 |  7- 9 | 10-12 | 13-15 || total
-------------------------+-------+-------+-------+-------+-------++-------
Melee: Unarmed           |    13 |     9 |       |       |       ||    22
       Staff             |       |       |    21 |     3 |       ||    24
       Tailslap          |       |       |     1 |       |       ||     1
 Cast: Magic Dart        |    89 |   152 |   179 |   173 |    39 ||   632
       Fulminant Prism   |       |       |    46 |   212 |   102 ||   360
       Scorch            |       |       |       |    14 |     4 ||    18
       Iskenderun's Myst |       |       |       |    10 |    17 ||    27
       Fireball          |       |       |       |     7 |     9 ||    16
Evoke: Wand              |       |       |       |     6 |       ||     6
  Use: Scroll            |       |     3 |     7 |     6 |     4 ||    20
       Potion            |       |       |       |     3 |       ||     3
Armor: Skin              |    10 |    30 |    56 |    72 |    58 ||   226
Dodge: Dodged            |    17 |    50 |    90 |   152 |   144 ||   453

Table legend: (Time is in decaauts)
 A = Elapsed time spent in this place.
 B = Non-inter-level travel time spent in this place.
 C = Inter-level travel time spent in this place.
 D = Time resting spent in this place.
 E = Time spent auto-exploring this place.
 F = Levels seen in this place.
 G = Mean time per level.
                   A        B        C        D        E       F      G
               +--------+--------+--------+--------+--------+-----+--------+
         Total |  30257 |  29364 |    893 |  11102 |  13966 |  18 | 1680.9 |
       Dungeon |  20192 |  19610 |    582 |   6715 |  10318 |  11 | 1835.6 |
        Temple |     48 |     37 |     11 |      0 |     28 |   1 |   48.0 |
          Lair |   8632 |   8333 |    299 |   3677 |   3365 |   5 | 1726.4 |
      Gauntlet |   1383 |   1383 |      0 |    710 |    255 |   1 | 1383.0 |
               +--------+--------+--------+--------+--------+-----+--------+

Top non-repeatable levels by time:
     D:5: 3349 daAuts
     D:4: 3160 daAuts
  Lair:2: 3029 daAuts
  Lair:4: 2718 daAuts
     D:6: 2021 daAuts
     D:9: 2007 daAuts
     D:2: 1833 daAuts
     D:1: 1565 daAuts
  Lair:3: 1562 daAuts
     D:7: 1555 daAuts
Gauntlet: 1383 daAuts
     D:8: 1371 daAuts
    D:10: 1177 daAuts
    D:11: 1175 daAuts
     D:3: 973 daAuts
